 Dungeon Crawl Stone Soup version 0.24-a0-335-g06ca16a (webtiles) character file.

Game seed: 1438037148667142439

264 Borgoz the Cudgeler (level 6, -3/37 HPs)
             Began as a Gargoyle Gladiator on May 19, 2019.
             Slain by a gnoll
             ... wielding a +0 halberd
              (14 damage)
             ... on level 3 of the Dungeon.
             The game lasted 00:04:01 (2468 turns).

Borgoz the Cudgeler (Gargoyle Gladiator)            Turns: 2468, Time: 00:04:01

Health: -3/37      AC:  8    Str: 17    XL:     6   Next: 19%
Magic:  6/6        EV: 13    Int:  9    God:
Gold:   120        SH:  0    Dex: 13    Spells: 5/5 levels left

rFire    . . .     SeeInvis .   a - +0 flail
rCold    . . .     Gourm    .   (no shield)
rNeg     + . .     Faith    .   b - +0 leather armour
rPois    ∞         Spirit   .   q - +0 helmet
rElec    +         Reflect  .   (no cloak)
rCorr    .         Harm     .   (no gloves)
MR       +....                  (no boots)
Stlth    +.........             (no amulet)
HPRegen  0.12/turn              s - ring of protection from magic
MPRegen  0.10/turn              (no ring)

@: no status effects
A: negative energy resistance 1, electricity resistance, unbreathing,
petrification resistance, rot immunity, AC +4
a: no special abilities


You were on level 3 of the Dungeon.
You were not hungry.

You visited 1 branch of the dungeon, and saw 3 of its levels.

You collected 120 gold pieces.

Inventory:

Hand Weapons
 a - a +0 flail (weapon)
Missiles
 d - a throwing net (quivered)
Armour
 b - a +0 leather armour (worn)
 q - a +0 helmet (worn)
Jewellery
 s - a ring of protection from magic (left hand)
Scrolls
 g - a scroll of blinking {unknown}
 h - 5 scrolls of identify {unknown}
 j - 5 scrolls of teleportation {unknown}
 k - a scroll of random uselessness {unknown}
 l - 2 scrolls of amnesia {unknown}
 o - a scroll of magic mapping {unknown}
 p - a scroll of fog {unknown}
 r - a scroll of enchant weapon {unknown}
Potions
 i - a potion of flight {unknown}
 m - a potion of cancellation
 n - a potion of brilliance {unknown}
Comestibles
 f - 9 rations


   Skills:
 + Level 3.4 Fighting
 * Level 4.4 Maces & Flails
 - Level 1.7 Throwing
 + Level 2.3 Armour
 * Level 3.8 Dodging


You had 5 spell levels left.
You didn't know any spells.
Your spell library was empty.

Dungeon Overview and Level Annotations

Branches:
Dungeon (3/15)

Altars:

Annotations:
D:3 Natasha


Innate Abilities, Weirdness & Mutations

You are resistant to torment.
Your stone body is resilient. (AC +4)
You are immune to poison.
You resist negative energy. (rN+)
You are resistant to electric shocks. (rElec)
You can survive without breathing.
You are immune to petrification.
You are immune to rotting.


Message History

You closely miss the gnoll.
The gnoll is heavily wounded.
The gnoll hits you from afar with a +0 halberd!
* * * LOW HITPOINT WARNING * * *
The gnoll hits you with a +0 spear.
* * * LOW HITPOINT WARNING * * *
The goblin misses you.
You barely miss the gnoll.
The gnoll is heavily wounded.
The gnoll hits you with a +0 spear.
* * * LOW HITPOINT WARNING * * *
The gnoll barely misses you. The goblin hits you but does no damage.
The gnoll closely misses you.
A rat comes into view.
The goblin hits you but does no damage.
It was a potion of curing.
You feel better.
It was a potion of cancellation.
You feel magically purged. The goblin completely misses you.
The gnoll hits you from afar with a +0 halberd!
You die...

####'#####
#.......# .......
#.......# .......
#.).....# .......
#.......# .......
###'##### .......
#.# .......
#.#########.......
#.....@ggg$.......
#############'#r##


You could see 2 gnolls and a goblin.

Vanquished Creatures
  Natasha (twice) (D:3)
  5 gnolls
  5 adders (D:2)
  2 oozes
  2 worms
  9 dart slugs
  A leopard gecko (D:1)
  4 orcs
  5 ball pythons
  2 giant cockroaches (D:1)
  7 hobgoblins
  8 jackals
  A quokka (D:2)
  5 bats
  9 frilled lizards
  10 goblins
  A jackal skeleton (D:3)
  9 kobolds
  4 rats
91 creatures vanquished.

Notes
Turn   | Place    | Note
-------+----------+-------------------------------------------
     0 | D:1      | Borgoz the Gargoyle Gladiator began the quest for the Orb.
     0 | D:1      | Reached XP level 1. HP: 12/12 MP: 1/1
    29 | D:1      | Reached XP level 2. HP: 18/18 MP: 2/2
   381 | D:1      | Reached XP level 3. HP: 20/22 MP: 3/3
   455 | D:1      | Reached skill level 1 in Armour
   717 | D:2      | Found a faded altar of an unknown god.
   748 | D:2      | Reached XP level 4. HP: 18/27 MP: 4/4
  1178 | D:2      | Reached XP level 5. HP: 32/32 MP: 5/5
  1357 | D:2      | Reached skill level 4 in Maces & Flails
  1941 | D:3      | Noticed Natasha
  1962 | D:3      | Killed Natasha
  2110 | D:3      | Reached XP level 6. HP: 25/37 MP: 6/6
  2239 | D:3      | Noticed Natasha
  2267 | D:3      | Killed Natasha
  2405 | D:3      | Noticed Natasha
  2468 | D:3      | Slain by a gnoll

Levels and vault maps discovered:
D:1:      enne_arrival_octagon_isle, layout_loops_ring
D:2:      layout_basic, chequers_ecumenical_altar_twisty,
          chequers_serial_rivers_small_a
D:3:      layout_basic, uniq_natasha

Skill      XL: |  1  2  3  4  5 |
---------------+----------------+-----
Armour         | 1 2 |  2.3
Dodging        | 3 |  3.8
Fighting       | 3 |  3.4
Maces & Flails | 4 |  4.4
Throwing       | |  1.7

Action                   |  1- 3 |  4- 6 || total
-------------------------+-------+-------++-------
Melee: Flail             |   147 |   232 ||   379
Throw: Throwing net      |       |     3 ||     3
  Use: Potion            |       |     2 ||     2
  Eat: Chunk             |       |     6 ||     6
Armor: Leather armour    |    69 |   137 ||   206
Dodge: Dodged            |   112 |   231 ||   343

Table legend:
 A = Non-vault XP
 B = Vault XP
 C = Vault XP percentage of total XP
 D = Non-vault monster count
 E = Vault monster count
 F = Vault count percentage of total count
                 A         B        C        D         E       F
            +---------+---------+-------+---------+---------+-------
      Total |     342 |      36 |   9.5 |      90 |       1 |   1.1
            +---------+---------+-------+---------+---------+-------
        D:1 |      63 |       0 |   0.0 |      32 |       0 |   0.0
        D:2 |     181 |       0 |   0.0 |      32 |       0 |   0.0
        D:3 |      98 |      36 |  26.9 |      26 |       1 |   3.7
            +---------+---------+-------+---------+---------+-------
